[Event "*** Titled Tuesday Blitz"]
[Site "Chess.com"]
[Date "2020.05.05"]
[Round "2"]
[White "silverback96"]
[Black "zajka-molotok"]
[Result "0-1"]
[WhiteElo "2107"]
[BlackElo "2387"]
[TimeControl "180+1"]
[EndTime "10:19:04 PDT"]
[Termination "zajka-molotok won by resignation"]

1. e4 e5 2. Nf3 Nc6 3. Bb5 a6 4. Bxc6 dxc6 5. O-O f6 6. d4 exd4 7. Nxd4 Ne7 8. Nc3 Ng6 9. Be3 Bd6 10. Nf5 O-O 11.
Qd3 Ne5 12. Qe2 Bxf5 13. exf5 Qd7 14. f4 Nf7 15. g4 Rfe8 16. Qf3 Qe7 17. Rfe1 Bc5 18.
Bxc5 Qxc5+ 19. Kg2 Rad8 20. Rxe8+ Rxe8 21. Rd1 Nd6 22. h4 Nc4 23. Rd7 Re3 24. Rd8+ Kf7 25. Qd1 Re7 26. Qd3 Nxb2 27. Qd2 Nc4 28. Qd3 Ne3+ 29. Kh3 Nxf5 30. Qxf5 Qxf5 31. gxf5 Re3+ 32. Kg4 Rxc3 33. Rd7+ Kf8 34. Rxc7 b5 35. Ra7 Rxc2 36. Rxa6 h6 37. Kh5 c5 38. Rb6 b4 39. Rc6 c4 40. Rc7 c3 41.
Rc4 Rb2 42. Kg6 Rg2+ 43. Kh7 c2 44. h5 Ke7 45. Rc5 Kd6 46. Rc8 Kd5 47. Rc7 Ke4 48.
Rc4+ Kxf5 49. Kg8 Ke6 50. Rc6+ Kd5 51. Rc8 Kd4 52. Kf7 Kd3 53. f5 Kd2 54. Rd8+ Kc3 55. Rc8+ Kb2 56. Rc7 c1=Q 57. Rc2+ Qxc2 0-1

[Event "*** Titled Tuesday Blitz"]
[Site "Chess.com"]
[Date "2020.05.05"]
[Round "2"]
[White "gemarin"]
[Black "FranciscodelaF"]
[Result "0-1"]
[WhiteElo "1942"]
[BlackElo "2354"]
[TimeControl "180+1"]
[EndTime "10:19:04 PDT"]
[Termination "FranciscodelaF won on time"]

1. d4 Nf6 2. c4 e6 3. Nf3 d5 4. Nc3 Be7 5. Bg5 Nbd7 6. e3 h6 7. Bh4 O-O 8. Bd3 dxc4 9. Bxc4 b6 10. O-O Bb7 11. Qe2 Ne4 12. Bxe7 Nxc3 13. bxc3 Qxe7 14. Ba6 Rab8 15. Bxb7 Rxb7 16. Qa6 Rfb8 17. Rfd1 c5 18. a4 Nf6 19. Ne5 Qc7 20. c4 cxd4 21.
exd4 Nd7 22. Nf3 Rc8 23. Rac1 Rbb8 24. h3 Qc6 25. d5 exd5 26. cxd5 Qxc1 27. Rxc1 Rxc1+ 28. Kh2 Rc7 29. d6 Rcb7 30. Qb5 Nc5 31. Ne5 f6 32. Qc4+ Kh7 33. Qc2+ Kh8 34. Nc6 Re8 35. Qg6 Rf8 36. Ne7 Rd8 37. Nf5 Ne6 38. Qg4 Ng5 39.
h4 Nh7 40. h5 Rbd7 41. f4 Nf8 42. Qf3 Ne6 43. Qe4 Nc5 44. Qc4 a6 45. a5 Nb7 46.
axb6 Nxd6 47. Nxd6 Rxd6 48. b7 Rb8 49. Qc7 Rdd8 50.
Kg3 Re8 51. Kg4 a5 0-1

[Event "*** Titled Tuesday Blitz"]
[Site "Chess.com"]
[Date "2020.05.05"]
[Round "2"]
[White "ValeriyGrinev"]
[Black "nubair1198"]
[Result "1/2-1/2"]
[WhiteElo "2528"]
[BlackElo "2757"]
[TimeControl "180+1"]
[EndTime "10:19:06 PDT"]
[Termination "Game drawn - insufficient material"]

1. d4 d5 2. c4 c6 3. cxd5 cxd5 4. Nc3 Nc6 5. Nf3 Nf6 6. Bf4 Ne4 7. e3 Nxc3 8. bxc3 e6 9. Bd3 Bd6 10. Bxd6 Qxd6 11. O-O O-O 12. c4 dxc4 13. Bxc4 b6 14. Rc1 Bb7 15. Qe2 Rac8 16. Ba6 Rc7 17. Bxb7 Rxb7 18.
Rc3 Rc7 19. Rfc1 Rfc8 20. Qb2 Ne7 21. Ne5 Nd5 22. Rxc7 Rxc7 23. h3 f6 24. Nd3 Kf7 25.
Rc2 Rxc2 26. Qxc2 Qc7 27. Qxc7+ Nxc7 28. Kf1 Ke7 29. Ke2 Kd6 30. Kd2 e5 31. dxe5+ fxe5 32. e4 Ne6 33. Ke3 g5 34. g3 a5 35. Ne1 b5 36. Nf3 b4 37. Kd3 Nc5+ 38. Ke3 h6 39. Nd2 a4 40. Nc4+ Ke6 41. f3 a3 42. Kd2 b3 43. Nxa3 bxa2 44. Nc2 Nb3+ 45. Kc3 Nd4 46. Na1 Nxf3 47. Kb2 h5 48. Nc2 Nd2 49. Ne3 Nxe4 50. g4 h4 51. Kxa2 Nf2 52. Kb2 Nxh3 53. Kc3 Nf2 54. Kd2 h3 55. Nf1 Nxg4 56. Ke2 Kf5 57.
Kf3 h2 58. Ng3+ Ke6 59. Kxg4 e4 60. Kh3 Ke5 61. Kxh2 Kf4 62. Kg2 Ke3 63. Nf5+ Kd2 64.
Kg3 Kd3 65. Kg4 e3 66. Nxe3 Kxe3 67. Kxg5 1/2-1/2

[Event "*** Titled Tuesday Blitz"]
[Site "Chess.com"]
[Date "2020.05.05"]
[Round "2"]
[White "bancsoo"]
[Black "VNeimer"]
[Result "1-0"]
[WhiteElo "2736"]
[BlackElo "2490"]
[TimeControl "180+1"]
[EndTime "10:19:06 PDT"]
[Termination "bancsoo won by resignation"]

1. Nf3 c5 2. c4 Nc6 3. d4 cxd4 4. Nxd4 Nf6 5. g3 e5 6. Nb5 d6 7. Bg2 a6 8. N5c3 Be7 9. O-O O-O 10. Nd5 Nxd5 11.
Bxd5 Be6 12. Nc3 Rc8 13. b3 Bg5 14. Bb2 Qe7 15. e3 Rfd8 16. Qe2 f5 17. Rfd1 Bf6 18.
Bxe6+ Qxe6 19. Nd5 Ne7 20. e4 Nxd5 21. Rxd5 Be7 22.
exf5 Qxf5 23. f4 Bf6 24. Re1 Re8 25. fxe5 dxe5 26. Qe4 Qxe4 27. Rxe4 Rc7 28. Kf2 Kf7 29. Ke2 h5 30. a4 Kg6 31. h3 Kf5 32. Kf3 g5 33. g4+ hxg4+ 34. hxg4+ Kg6 35. Rd6 Rc6 36. Rd5 Rb6 37. Rd3 Rd8 38. Rde3 Rd1 39. Bxe5 Rf1+ 40. Kg2 Rb1 41. Bxf6 Kxf6 42. Rf3+ Kg6 43. Ree3 a5 44. Rf5 R1xb3 45. Rxb3 Rxb3 46. Rxa5 Rc3 47. Rc5 Ra3 48. a5 Kf6 49. Kf2 Kg6 50. Rb5 Rc3 51. Rb6+ Kg7 52. Rxb7+ Kf6 53. Rc7 Ra3 54. Rc5 Ke6 55. Rxg5 Kd6 56.
a6 Kc6 57. Rg6+ Kc5 58. g5 Kxc4 59. Rf6 Kd4 60. g6 Ra2+ 61. Kg3 Ra1 62. Kg4 Rg1+ 63. Kf5 Kd5 64. a7 Rf1+ 65. Kg5 Rg1+ 66. Kh6 Ke5 67. Rf8 Ke6 68. a8=Q Rh1+ 69. Qxh1 1-0

[Event "*** Titled Tuesday Blitz"]
[Site "Chess.com"]
[Date "2020.05.05"]
[Round "2"]
[White "quesfr"]
[Black "IriBu"]
[Result "1-0"]
[WhiteElo "2256"]
[BlackElo "2453"]
[TimeControl "180+1"]
[EndTime "10:19:06 PDT"]
[Termination "quesfr won by checkmate"]

1. e4 c5 2. c3 g6 3. d4 d6 4.
dxc5 dxc5 5. Qxd8+ Kxd8 6. Bc4 e6 7. Be3 Nc6 8. Nd2 b6 9. O-O-O Kc7 10. f3 Bg7 11.
Ne2 Nge7 12. Ng3 h5 13. h4 a6 14. Bg5 b5 15. Bb3 Bb7 16. Bf4+ Be5 17. Bxe5+ Nxe5 18. Ndf1 c4 19. Bc2 Rhd8 20. Ne3 Kb6 21. Ne2 a5 22. Rxd8 Rxd8 23. Rd1 Rxd1+ 24. Kxd1 Kc5 25. Kd2 Bc6 26. f4 Ng4 27. Nxg4 hxg4 28. Ke3 f5 29. Nd4 Bd7 30. g3 b4 31. a3 bxa3 32.
bxa3 Kd6 33. Bd1 fxe4 34. Bxg4 Nd5+ 35. Kxe4 Nxc3+ 36. Ke3 Nd5+ 37. Kd2 Nf6 38. Bf3 Kc5 39.
Kc3 Nd5+ 40. Bxd5 Kxd5 41. Nf3 Ke4 42. Ne5 Be8 43. Kxc4 Ke3 44. Kc5 Kf2 45. g4 Kg3 46. Kd6 Kxf4 47. Kxe6 Kg3 48. Nxg6 Bxg6 49. h5 Be8 50. h6 Bg6 51. Kf6 Bd3 52. g5 Kf4 53.
g6 Ke3 54. h7 Kd4 55. h8=Q Kc3 56. Qf8 Kb3 57. g7 Bc4 58. Ke5 a4 59. Qb4+ Ka2 60. Qxc4+ Kxa3 61. Qxa4+ Kb2 62. g8=Q Kc1 63. Qac4+ Kd2 64.
Qg2+ Kd1 65. Qcf1# 1-0

[Event "*** Titled Tuesday Blitz"]
[Site "Chess.com"]
[Date "2020.05.05"]
[Round "2"]
[White "Roenko_Artur"]
[Black "WPWPWP-2015"]
[Result "0-1"]
[WhiteElo "2195"]
[BlackElo "2433"]
[TimeControl "180+1"]
[EndTime "10:19:07 PDT"]
[Termination "WPWPWP-2015 won by resignation"]

1. e4 e5 2. Nf3 Nc6 3. d4 exd4 4. Nxd4 Nf6 5. Nxc6 bxc6 6. e5 Qe7 7. Qe2 Nd5 8.
c4 Nb6 9. f4 Qe6 10. Nc3 Bb4 11. Qe4 f5 12. Qd3 Na4 13. Be2 Nc5 14. Qc2 Ne4 15.
Bd2 Nxd2 16. Qxd2 Ba6 17. Qd4 c5 18. Qd5 Kf7 19. Qxe6+ dxe6 20. Kd2 Rad8+ 21. Kc2 Rd4 22. b3 Rxf4 23. Bf3 Rd8 24. Rad1 Rfd4 25. Rxd4 cxd4 26. Na4 d3+ 27. Kd1 c5 28. Nb2 Bc3 29. Na4 Bb4 30. Nb2 g5 31. Na4 g4 32. Bc6 Rc8 33.
Bb5 Bb7 34. Rg1 h5 35. Nb2 Rd8 36. Na4 h4 37. Nb2 Be4 38. Na4 Rh8 39. Nb2 h3 40. g3 Bf3+ 41. Kc1 d2+ 42. Kb1 Rd8 43.
Nd1 Be4+ 44. Kb2 Ba5 45. a3 Rh8 46. b4 cxb4 47. axb4 Bxb4 48. Kb3 Ba5 49. Rf1 Bg2 50. Rf2 Bb6 51. Re2 f4 52. Rxd2 fxg3 53. hxg3 h2 0-1

[Event "*** Titled Tuesday Blitz"]
[Site "Chess.com"]
[Date "2020.05.05"]
[Round "2"]
[White "elisak43"]
[Black "lucliasco"]
[Result "0-1"]
[WhiteElo "2428"]
[BlackElo "2662"]
[TimeControl "180+1"]
[EndTime "10:19:08 PDT"]
[Termination "lucliasco won by resignation"]

1. e4 e5 2. Nf3 Nc6 3. Bb5 g6 4. O-O Bg7 5. c3 d6 6. h3 Bd7 7. Ba4 Nf6 8. Bc2 O-O 9. d4 Re8 10. Nbd2 d5 11. exd5 Nxd5 12. Bb3 Nb6 13. Ne4 exd4 14.
Bg5 Qc8 15. Nf6+ Bxf6 16. Bxf6 Be6 17. Qd2 Nd7 18. Bxd4 Bxb3 19. axb3 Nxd4 20. Qxd4 a6 21. Rad1 Nf8 22. Ng5 Qf5 23. Nf3 Re7 24. Qb4 c5 25. Qg4 Qxg4 26. hxg4 Rae8 27. Rd2 Nd7 28. Rfd1 Ne5 29.
Nxe5 Rxe5 30. Rd7 Re1+ 31. Rxe1 Rxe1+ 32. Kh2 b5 33. Rd2 Kg7 34. Kg3 h6 35. f3 Rg1 36.
Rd6 Rb1 37. Rxa6 Rxb2 38. Rc6 Rxb3 39. Rxc5 Kf6 40. Rc7 Rb2 41. Rb7 g5 42. Rb6+ Ke5 43. Rxh6 Rb3 44. Rb6 Kd5 45. Rf6 Rxc3 46. Rxf7 b4 47.
Rf5+ Kc6 48. Rxg5 b3 49. Rg8 Kb7 50. Rg7+ Rc7 51. Rg5 Kb6 52. Rg6+ Rc6 53. Rg8 Ka7 54. Rg5 Ka6 55. Rg8 b2 56. Ra8+ Kb7 57. Ra1 0-1

[Event "*** Titled Tuesday Blitz"]
[Site "Chess.com"]
[Date "2020.05.05"]
[Round "2"]
[White "MisiekZielony"]
[Black "jlandaw"]
[Result "1-0"]
[WhiteElo "2140"]
[BlackElo "2377"]
[TimeControl "180+1"]
[EndTime "10:19:09 PDT"]
[Termination "MisiekZielony won by resignation"]

1. c4 e5 2. Nc3 Nc6 3. Nf3 g6 4.
d4 Bg7 5. dxe5 Nxe5 6. Nxe5 Bxe5 7. Bd2 d6 8. g3 Ne7 9. Bg2 O-O 10. O-O Re8 11. b3 Nf5 12. Rc1 h5 13. h4 Rb8 14.
Bg5 Bf6 15. Qd2 Be6 16. Ne4 Bxg5 17. hxg5 Kh8 18. Qb2+ Ng7 19. Nf6 Re7 20. Bf3 Bf5 21. Kg2 Re5 22. e4 Bc8 23. Rh1 Rxg5 24. Rh4 Qe7 25. Nd5 Qe5 26. Qd2 c6 27. Nf4 Qe7 28.
Nd3 Kg8 29. Re1 Ne6 30. e5 Bd7 31. Rhe4 d5 32. cxd5 cxd5 33. Rb4 Bc6 34. Nf4 Nxf4+ 35. Qxf4 Rf5 36. Qd4 b6 37. Rc1 Qb7 38. a4 Re8 39.
Re1 Qd7 40. Re3 Re6 41. g4 Qe8 42. gxf5 gxf5 43. Qf4 Qf8 44. Rd4 Rg6+ 45. Kf1 Kh8 46. Qh4 Rg7 47. Bxh5 Rh7 48. Rh3 Qg7 49. Qf6 Qxf6 50.
exf6 Rh6 51. Rdh4 Rxf6 52. Bxf7+ Kg7 53. Rh7+ Kf8 54. Bh5 Be8 55. Bxe8 Kxe8 56. R3h6 1-0

[Event "*** Titled Tuesday Blitz"]
[Site "Chess.com"]
[Date "2020.05.05"]
[Round "2"]
[White "Vamostodorecto"]
[Black "tigra"]
[Result "1/2-1/2"]
[WhiteElo "2537"]
[BlackElo "2792"]
[TimeControl "180+1"]
[EndTime "10:19:10 PDT"]
[Termination "Game drawn by repetition"]

1. d4 c5 2. d5 e5 3. e4 d6 4.
Nc3 g6 5. h4 a6 6. h5 b5 7. hxg6 fxg6 8. a4 b4 9. Nb1 h5 10. Be2 Ra7 11. Nd2 Bh6 12. Nc4 Bxc1 13. Rxc1 a5 14. Nf3 Ba6 15. Qd2 Nf6 16. Ng5 Qe7 17.
f3 Nbd7 18. Nxa5 Nb8 19. Nc4 O-O 20. Ne6 Rf7 21. b3 Nbd7 22. Qh6 Nf8 23. Nxf8 Qxf8 24. Qxf8+ Kxf8 25. Nxd6 Rfd7 26. Nc4 Bxc4 27. Bxc4 g5 28. Ke2 h4 29. g3 Rd6 30. gxh4 Rdd7 31. hxg5 Rd6 32. gxf6 Rxf6 33. Rcg1 Raf7 34. Rh3 Ke8 35.
a5 Kd8 36. a6 Kc7 37. Rg5 Kb6 38. Rxe5 Ka5 39. d6 Rg7 40. Rxc5+ Kb6 41. Rb5+ Kc6 42. e5 Rfg6 43. Rb8 Rg1 44. Rh2 Kc5 45. Rc8+ Kd4 46. e6 Rc1 47. Bd3 Rgg1 48. e7 Rgf1 49. e8=Q Rce1+ 50. Kd2 Rd1+ 51. Ke2 Rde1+ 52. Kd2 Rd1+ 53.
Ke2 Rde1+ 1/2-1/2

[Event "*** Titled Tuesday Blitz"]
[Site "Chess.com"]
[Date "2020.05.05"]
[Round "2"]
[White "cstevens1"]
[Black "manmanlai1"]
[Result "1/2-1/2"]
[WhiteElo "2628"]
[BlackElo "2320"]
[TimeControl "180+1"]
[EndTime "10:19:10 PDT"]
[Termination "Game drawn - insufficient material"]

1. e4 c6 2. d4 d5 3. e5 Bf5 4. Be3 Qb6 5. Qc1 e6 6. c4 Nd7 7. Nc3 Ne7 8. Nf3 h6 9. h3 a6 10. Be2 Bh7 11. O-O Nf5 12. c5 Qd8 13. b4 Be7 14. a4 O-O 15. Qd2 Nxe3 16. Qxe3 Bg5 17. Nxg5 Qxg5 18. f4 Qe7 19. Bd3 Bxd3 20. Qxd3 f5 21.
Kh2 Kh8 22. b5 axb5 23. axb5 Qh4 24. Qf3 Rfb8 25. Rfb1 Qd8 26. b6 Rxa1 27. Rxa1 Ra8 28. Qd1 Qb8 29. Qb1 Nf8 30. g4 fxg4 31. hxg4 Rxa1 32. Qxa1 Ng6 33. Kg3 Qf8 34. Ne2 Qe7 35.
Qh1 Kg8 36. Qh5 Nf8 37. f5 exf5 38. gxf5 Nd7 39. Nf4 Nxe5 40. dxe5 Qxe5 41. Qg6 Qe3+ 42. Kg4 Qg1+ 43. Kf3 Qf1+ 44. Kg3 Qg1+ 45. Ng2 Qxc5 46. Qe6+ Kh7 47. Qg6+ Kg8 48. f6 Qd6+ 49. Nf4 Qxf6 50.
Qxf6 gxf6 51. Ne6 Kf7 52. Nc5 Ke7 53. Nxb7 Kd7 54. Nc5+ Kc8 55. Kg4 d4 56. Kf5 d3 57.
Nxd3 Kb7 58. Kxf6 Kxb6 59. Kg6 Kb5 60. Kxh6 Kc4 61. Ne5+ Kd5 62. Nxc6 1/2-1/2

[Event "*** Titled Tuesday Blitz"]
[Site "Chess.com"]
[Date "2020.05.05"]
[Round "2"]
[White "talman67"]
[Black "Blitzking642"]
[Result "0-1"]
[WhiteElo "2555"]
[BlackElo "2311"]
[TimeControl "180+1"]
[EndTime "10:19:10 PDT"]
[Termination "Blitzking642 won by resignation"]

1. e4 c5 2. Nf3 Nc6 3. Bb5 g6 4. Bxc6 dxc6 5. d3 Bg7 6. h3 e5 7. a3 Qe7 8. Qd2 a5 9. a4 Nf6 10. Na3 Nd7 11. Nc4 b6 12. O-O O-O 13. Nh2 Rd8 14. f4 Ba6 15. Qf2 exf4 16. Bxf4 Bxc4 17. dxc4 Bxb2 18. Rad1 Ne5 19. Kh1 Rxd1 20. Rxd1 Rd8 21. Rf1 Bd4 22. Qg3 Qe6 23. Qg5 Re8 24. Bxe5 Qxe5 25.
Qh6 Qxe4 26. Nf3 Bg7 27. Qd2 Qxc4 28. Rb1 Qd5 29. Qf2 Bd4 30. Qh4 Qe4 31. Re1 Be3 32. Qg3 Qxa4 33. Ng5 Qd4 34. Qf3 f6 35. Qxc6 Re7 36. Ne6 Qe5 37. Nc7 Qxc7 38. Qxc7 Rxc7 39. Rxe3 a4 40. Re8+ Kf7 41. Ra8 b5 42. c4 b4 43.
Rxa4 Rb7 44. Ra2 b3 45. Rb2 Ke6 46. Kg1 Ke5 47. Kf2 Kd4 48. Ke2 Kc3 49. Rd2 b2 50.
Rd3+ Kxc4 51. Rd2 b1=Q 52. Rd1 Rb2+ 53. Rd2 Rxd2+ 54. Kxd2 Qb2+ 55. Ke3 Qxg2 0-1

[Event "*** Titled Tuesday Blitz"]
[Site "Chess.com"]
[Date "2020.05.05"]
[Round "2"]
[White "VinzentSpitzl"]
[Black "Doraemon7"]
[Result "0-1"]
[WhiteElo "2394"]
[BlackElo "2653"]
[TimeControl "180+1"]
[EndTime "10:19:11 PDT"]
[Termination "Doraemon7 won by resignation"]

1. e4 e5 2. Nf3 Nc6 3. Bb5 a6 4. Ba4 Nf6 5. O-O Be7 6. Re1 b5 7. Bb3 d6 8. c3 O-O 9. h3 Nb8 10. d4 Nbd7 11. Nbd2 Bb7 12. Bc2 Re8 13.
Nf1 Bf8 14. Ng3 g6 15. a4 Nb6 16. a5 Nbd7 17. Bg5 h6 18. Bd2 Bg7 19. Qe2 exd4 20. cxd4 Nxe4 21. Nxe4 d5 22. Ne5 dxe4 23. Rad1 Nxe5 24.
dxe5 Rxe5 25. Bxh6 Qe7 26. Bf4 Rf5 27. Bg3 Re8 28. Bb3 Be5 29. Qe3 Bxg3 30. Qxg3 Kg7 31.
Rd2 Re5 32. Qc3 c5 33. Red1 b4 34. Qe3 Bc6 35. Bc4 Bb5 36. b3 Qf6 37. Rd6 Qf5 38.
Bxb5 axb5 39. a6 R8e7 40. Ra1 R5e6 41. Rxe6 Qxe6 42. a7 Rxa7 43. Rxa7 Qd5 44. Ra1 c4 45. Rb1 c3 46. Qe2 Qd3 47. Re1 c2 48. Kf1 Qxb3 49. Qxe4 Qc3 50. Qe5+ Qxe5 51. Rxe5 b3 52. Rxb5 c1=Q+ 53. Ke2 b2 0-1

[Event "*** Titled Tuesday Blitz"]
[Site "Chess.com"]
[Date "2020.05.05"]
[Round "2"]
[White "JakeCarlosBanawa"]
[Black "vanea_03"]
[Result "0-1"]
[WhiteElo "2309"]
[BlackElo "2630"]
[TimeControl "180+1"]
[EndTime "10:19:11 PDT"]
[Termination "vanea_03 won on time"]

1. d4 d5 2. c4 dxc4 3. e4 Nf6 4. e5 Nd5 5. Bxc4 Nb6 6. Bd3 Nc6 7. Be3 Nb4 8. Be4 f5 9. exf6 exf6 10. Nc3 f5 11. Bf3 N4d5 12. Nxd5 Nxd5 13. Qb3 c6 14. Bxd5 Qxd5 15.
Qxd5 cxd5 16. Ne2 Bd7 17. Rc1 Bc6 18. Nf4 g5 19. Nd3 f4 20. Bd2 Bg7 21. h4 h6 22.
hxg5 hxg5 23. Rxh8+ Bxh8 24. g3 fxg3 25. fxg3 Bxd4 26. Bxg5 Kf7 27. Kd2 Kg6 28. Be3 Bf6 29. Nb4 Be8 30. Nd3 d4 31. Bf4 Bb5 32. Rc7 Rh8 33.
Ne5+ Bxe5 34. Bxe5 Rh2+ 35. Kd1 Be2+ 36. Ke1 d3 37. Bf4 Bf3 38. Rd7 Re2+ 39. Kf1 Be4 40. g4 Rxb2 41. Rd6+ Kf7 42. g5 Bg6 43. Rf6+ Kg7 44.
Be5 Rb1+ 45. Kf2 Kh7 46. Rf8 Be4 47. Rf6 d2 48. Rh6+ Kg8 49. g6 Bxg6 50. Rxg6+ Kf7 51. Rd6 d1=Q 52. Rxd1 Rxd1 53. Bb8 Rd5 54. Bxa7 Ra5 0-1

[Event "*** Titled Tuesday Blitz"]
[Site "Chess.com"]
[Date "2020.05.05"]
[Round "2"]
[White "norwaytoadog"]
[Black "adriangschnitzer"]
[Result "0-1"]
[WhiteElo "2166"]
[BlackElo "2412"]
[TimeControl "180+1"]
[EndTime "10:19:12 PDT"]
[Termination "adriangschnitzer won on time"]

1. e4 c6 2. d4 d5 3. e5 c5 4.
c3 Bf5 5. Be2 Nc6 6. Nf3 e6 7. O-O h6 8. Be3 cxd4 9. cxd4 Nge7 10.
Nc3 Bh7 11. g4 h5 12. h3 hxg4 13. hxg4 Be4 14. Nxe4 dxe4 15. Ng5 Nd5 16. Qd2 Bb4 17. Qc1 Rc8 18. Bb5 a6 19. Ba4 b5 20. Bc2 Nxe3 21.
Qxe3 Nxd4 22. Bxe4 Be7 23. Nf3 Nxf3+ 24. Qxf3 Bc5 25.
Kg2 Qg5 26. Rh1 Rxh1 27. Rxh1 Ke7 28. Bc2 Qxe5 29. Qb7+ Rc7 30. Qf3 Qxb2 31. Bb3 Qf6 32. Qg3 Bd6 33. Qe3 Rc3 34. Qa7+ Rc7 35. Qe3 Qf4 36.
Rh7 Qxe3 37. fxe3 Be5 38. Kf3 Bf6 39. Rh5 Rc3 40. g5 Bd4 41. Rh7 Rxe3+ 42. Kg4 Re4+ 43. Kf3 Re1 44. g6 fxg6 45. Rh8 Re3+ 46. Kg2 Rc3 0-1

[Event "*** Titled Tuesday Blitz"]
[Site "Chess.com"]
[Date "2020.05.05"]
[Round "2"]
[White "Koksik_13"]
[Black "lachesisQ"]
[Result "0-1"]
[WhiteElo "2593"]
[BlackElo "3084"]
[TimeControl "180+1"]
[EndTime "10:19:13 PDT"]
[Termination "lachesisQ won by resignation"]

1. e4 c5 2. Nf3 d6 3. Bb5+ Nd7 4. d4 cxd4 5. Qxd4 a6 6. Bxd7+ Bxd7 7. c4 Nf6 8. Nc3 g6 9. O-O Bg7 10. Bg5 h6 11. Bxf6 Bxf6 12. Qd2 Bg7 13. Nd5 Rc8 14. Rac1 O-O 15. b3 e6 16. Nc3 Qa5 17. Qxd6 Bc6 18. Qd3 Rfd8 19. Qe3 g5 20. h3 Bxc3 21. Rxc3 Bxe4 22.
b4 Qf5 23. Nd4 Qf4 24. g3 Qxe3 25. fxe3 Rd7 26. c5 Kg7 27. a4 Kg6 28. b5 e5 29.
Nf3 f6 30. bxa6 bxa6 31. Kf2 Rb8 32. Re1 Rb4 33. c6 Rc7 34. Nd2 Bd5 35. e4 Rxc6 36. Rd3 Be6 37. Rd8 Rxa4 38. g4 Ra2 39. Rb1 h5 40.
gxh5+ Kxh5 41. Rb7 Bxh3 42. Kg3 Rc3+ 43. Nf3 Rxf3+ 44. Kxf3 Bg2+ 45. Kg3 Bxe4 46. Rh8+ Kg6 47. Rg8+ Kf5 48. Rb3 Rg2+ 49. Kh3 g4+ 50. Kh4 Rh2+ 51. Kg3 Rh3+ 52. Kf2 Rxb3 53. Rb8 g3+ 54. Kg1 Rxb8 0-1

[Event "*** Titled Tuesday Blitz"]
[Site "Chess.com"]
[Date "2020.05.05"]
[Round "2"]
[White "Shield12"]
[Black "Zakaryan_David"]
[Result "0-1"]
[WhiteElo "2812"]
[BlackElo "2554"]
[TimeControl "180+1"]
[EndTime "10:19:13 PDT"]
[Termination "Zakaryan_David won by resignation"]

1. e4 c5 2. Nf3 d6 3. c3 Nf6 4. Bd3 Bg4 5. Bc2 e6 6. h3 Bh5 7. d4 cxd4 8. cxd4 Be7 9. O-O O-O 10. Re1 Nc6 11. Be3 Nb4 12. Nbd2 Nxc2 13. Qxc2 Rc8 14. Qb3 Bxf3 15. Nxf3 Qb6 16. Qxb6 axb6 17. Nd2 Rc2 18. Rab1 Rfc8 19. f3 d5 20. e5 Nd7 21. Nb3 b5 22. Rec1 Nb6 23. Na5 R8c7 24. Rxc2 Rxc2 25.
Rc1 Rxb2 26. Rc7 Bf8 27. Rxb7 Nc4 28. Nxc4 dxc4 29. d5 Re2 30. Bb6 Rxe5 31. dxe6 fxe6 32. Kf2 Bc5+ 33. Bxc5 Rxc5 34. Ke2 h5 35. Kd2 h4 36. Kc3 Rg5 37. a3 Kh7 38. Re7 Rxg2 39. Rxe6 Rg3 40. Kb4 Rxf3 41. Kxb5 Rxa3 42. Kxc4 Rxh3 43. Kd4 Rg3 44.
Ke4 h3 45. Kf4 h2 46. Kxg3 h1=Q 47. Re2 Kg6 48. Rg2 Kf5 49. Rf2+ Ke4 50. Re2+ Kf5 51. Rf2+ Kg5 52. Rg2 g6 53. Kf3+ Kf5 54. Kg3 Qe1+ 55. Kf3 Qe4+ 56. Kg3 g5 57. Rf2+ Kg6 58. Rf3 Kh5 59. Kf2 Kg4 60. Re3 Qd4 61. Ke2 Kf4 62. Rf3+ Ke4 63. Rg3 Qb2+ 64. Kf1 Kf4 0-1

[Event "*** Titled Tuesday Blitz"]
[Site "Chess.com"]
[Date "2020.05.05"]
[Round "2"]
[White "Saxar85"]
[Black "albano87"]
[Result "1-0"]
[WhiteElo "2653"]
[BlackElo "2391"]
[TimeControl "180+1"]
[EndTime "10:19:13 PDT"]
[Termination "Saxar85 won on time"]

1. e4 c5 2. Nf3 Nc6 3. Bb5 d6 4. O-O Bd7 5. Re1 a6 6. Bf1 Bg4 7. c3 d5 8. h3 Bxf3 9. Qxf3 dxe4 10. Qxe4 Nf6 11. Qf3 e6 12. d3 Be7 13. Nd2 O-O 14. Ne4 Nxe4 15. dxe4 Ne5 16. Qg3 Ng6 17. e5 Qc7 18.
Bg5 Bxg5 19. Qxg5 Rfd8 20. g3 Rd5 21. Bg2 Rxe5 22. Rxe5 Qxe5 23. Qxe5 Nxe5 24. Bxb7 Ra7 25. Rd1 g5 26. Bg2 Kg7 27. b3 Kf6 28. Rd6 a5 29. a4 c4 30. bxc4 Nxc4 31. Rd8 Nb6 32. Bc6 Rc7 33.
Bb5 Rxc3 34. Rd6 Nd5 35. Ra6 h5 36. Rxa5 h4 37. gxh4 gxh4 38. Ra7 Rxh3 39. Be8 Ra3 40. Rxf7+ Ke5 41. Rh7 Nc3 42. Rxh4 Ne2+ 43. Kh2 Nf4 44. Bc6 Ra2 45. Kg3 Ra3+ 46. f3 Ne2+ 47. Kf2 Nd4 48. Re4+ Kd6 49. Rxd4+ Kxc6 50. Kg3 Kc5 51. Re4 Kd5 52. Kg4 e5 53. Rb4 Re3 54. Rb5+ 1-0

[Event "*** Titled Tuesday Blitz"]
[Site "Chess.com"]
[Date "2020.05.05"]
[Round "2"]
[White "GasconJR"]
[Black "XiaoKangZhong"]
[Result "1-0"]
[WhiteElo "2599"]
[BlackElo "2296"]
[TimeControl "180+1"]
[EndTime "10:19:13 PDT"]
[Termination "GasconJR won by resignation"]

1. Nf3 Nf6 2. g3 d5 3. Bg2 Bf5 4. O-O h6 5. c4 e6 6. Qb3 Qc8 7.
Nc3 c6 8. d4 Be7 9. Bf4 O-O 10.
Rac1 Nbd7 11. cxd5 exd5 12. Ne5 Nb6 13. Rfe1 Rd8 14. a4 Bd6 15. a5 Nc4 16. Nxc4 dxc4 17. Qxc4 Bxf4 18. gxf4 Be6 19. Qd3 Qc7 20. a6 bxa6 21. e3 Qb6 22. Na4 Qb4 23. Nc5 Qxb2 24. Rb1 Qa2 25. Rec1 Nd5 26. Ra1 Nxf4 27. exf4 Qb2 28.
Nxe6 fxe6 29. Qg6 Qxd4 30. Qxe6+ Kh8 31. Rxa6 Qd2 32. Qe3 Rab8 33. Qxd2 Rxd2 34. Raxc6 Rbb2 35. Be4 g5 36. fxg5 hxg5 37. R6c2 Rbxc2 38. Rxc2 Rd1+ 39. Kg2 a5 40. Ra2 Rd4 41. Bc2 Rd5 42. Kg3 Rc5 43. Kg4 Kg7 44. Bf5 Kf6 45. Be4 Rc4 46. f3 Rc5 47. Rc2 Rb5 48. Rc6+ Kg7 49. Ra6 Rc5 50. Bf5 Rc4+ 51. Kxg5 a4 52. f4 Rb4 53. h4 Kf7 54. h5 Kg7 55. h6+ Kh8 56. Ra8+ 1-0

[Event "*** Titled Tuesday Blitz"]
[Site "Chess.com"]
[Date "2020.05.05"]
[Round "2"]
[White "chenxiaoyuer"]
[Black "ilya261991"]
[Result "0-1"]
[WhiteElo "2224"]
[BlackElo "2556"]
[TimeControl "180+1"]
[EndTime "10:19:13 PDT"]
[Termination "ilya261991 won by resignation"]

1. e4 d6 2. d4 Nf6 3. Nc3 Nbd7 4. Nf3 e5 5. Bc4 Be7 6. O-O O-O 7. Re1 c6 8. a4 Qc7 9. b3 Re8 10. Bb2 Nf8 11. Bd3 Ng6 12. Ne2 h6 13. c4 Bg4 14.
Ng3 Nf4 15. h3 Bxf3 16. Qxf3 Nxd3 17. Qxd3 Bf8 18. Rad1 Rad8 19. Qf3 Nd7 20. Nf5 g6 21. Ne3 Bg7 22. d5 c5 23. h4 Nf6 24. Ng4 Nxg4 25. Qxg4 Rf8 26. h5 Qd7 27. Qxd7 Rxd7 28. hxg6 fxg6 29.
Rd3 h5 30. Ree3 Bh6 31. Rf3 Rdf7 32. Rxf7 Rxf7 33. Kf1 Kf8 34. Ke2 Ke7 35. Rf3 Rg7 36. Kd1 g5 37. Rh3 h4 38. Bc1 Kf6 39. Be3 Kg6 40.
f3 Rf7 41. Ke2 Bg7 42. Rh1 Bf6 43. Rh3 Kh5 44. g4+ Kg6 45. Rh1 Rh7 46. Kf2 Bd8 47.
Kg2 Kf7 48. Rf1 Ke8 49. Rh1 Kd7 50. Bd2 a6 51. a5 Kc8 52. Rb1 Kb8 53. b4 cxb4 54.
Bxb4 Be7 55. Ba3 Rh8 56. Rc1 Rc8 57. Bb4 Kc7 58. c5 dxc5 59. Bxc5 Bxc5 60. Rxc5+ Kd7 61.
Rxc8 Kxc8 62. f4 exf4 63. e5 Kd7 64. Kf3 h3 65. Kf2 Kc7 66. Kf3 b6 67. e6 bxa5 68. e7 Kd7 69. d6 a4 70. Kf2 0-1

[Event "*** Titled Tuesday Blitz"]
[Site "Chess.com"]
[Date "2020.05.05"]
[Round "2"]
[White "Spring199"]
[Black "Michaelson_11"]
[Result "1-0"]
[WhiteElo "2360"]
[BlackElo "1992"]
[TimeControl "180+1"]
[EndTime "10:19:13 PDT"]
[Termination "Spring199 won by checkmate"]

1. d4 Nf6 2. c4 e6 3. Nc3 Bb4 4. e3 d5 5. Ne2 c5 6. a3 Bxc3+ 7. Nxc3 Nc6 8. cxd5 exd5 9. dxc5 O-O 10. Bb5 Be6 11.
O-O Rc8 12. Bxc6 Rxc6 13. b4 a5 14. Rb1 b6 15. Qd4 Qc8 16. Na4 Bf5 17. Ra1 axb4 18.
axb4 bxc5 19. bxc5 Re6 20. Bb2 Re4 21. Qd2 Qc6 22.
Bd4 Ng4 23. f3 Nxh2 24. fxe4 Nxf1 25. Rxf1 Bxe4 26. Nc3 Bg6 27. Qf2 Ra8 28. Qf4 h6 29.
Qe5 f6 30. Qxd5+ Qxd5 31. Nxd5 Ra2 32. Ne7+ Kf7 33. Nxg6 Kxg6 34. Rc1 Kf7 35. c6 Ra8 36.
c7 Rc8 37. Ba7 Ke6 38. Bb8 Kd7 39. Kf2 g6 40. Kf3 f5 41. Kf4 Re8 42. c8=Q+ Rxc8 43. Rxc8 Kxc8 44. Be5 Kd7 45. Bg7 h5 46. Kg5 Ke6 47. Kxg6 h4 48. Kg5 Kd5 49. Kxh4 Ke4 50. Bd4 f4 51.
exf4 Kxd4 52. Kg5 Ke4 53. f5 Ke3 54. f6 Kf2 55. f7 Kxg2 56. f8=Q Kg3 57. Qf4+ Kg2 58.
Kg4 Kg1 59. Qd2 Kf1 60. Kg3 Kg1 61. Qg2# 1-0